Map: Ruins of Seras

Players

YellowGwan

  • Race: Zerg Zerg
  • League: Gold

capac - Winner!

  • Race: Terran Terran
  • League: Gold

VOD

Have the link to the VOD?

Description

Time

  • Played on: Feb. 17, 2016, 11:23 a.m.
  • Length: 16:20
Show
View Real Time Build Order
Export as new Build Order

YellowGwan Zerg 

Build Orders: Hatch First, Zergling Baneling 

Get SALT Encoding   

  12  0:01  Drone  
  13  0:12  Overlord  
  13  0:18  Drone  
  14  0:31  Drone x2  
  16  0:53  Drone  
  16  0:55  Hatchery  
  16  1:00  Extractor, Drone  
  16  1:15  Spawning Pool  
  15  1:19  Drone  
  15  1:23  Drone  
  17  1:27  Drone  
  17  1:31  Drone  
  19  1:41  Overlord  
  19  2:02  Metabolic Boost  
  19  2:03  Queen  
  19  2:05  Zergling x4  
  23  2:09  Zergling x2  
  23  2:15  Zergling x2  
  25  2:20  Baneling Nest  
  24  2:23  Zergling x2  
  25  2:30  Overlord  
  25  2:33  Zergling x2  
  26  2:38  Zergling x2  
  26  2:42  Zergling x2  
  28  2:46  Zergling x2  
  30  2:58  Zergling x4  
  31  3:06  Zergling x2  
  31  3:12  Zergling x4  
  34  3:26  Baneling x5  
  34  3:32  Zergling x2  
  34  3:33  Zergling x8  
  39  3:38  Zergling x2  
  36  3:58  Zergling x8  
  40  4:06  Zergling x2  
  40  4:07  Zergling x6  
  39  4:18  Baneling x2  
  39  4:26  Baneling x2  
  39  4:35  Zergling x10  
  39  4:55  Zergling x10  
  43  5:00  Zergling x2  
  43  5:05  Baneling x3  
  43  5:06  Baneling x2  
  43  5:15  Overlord  
  37  5:35  Zergling x4  
  37  5:36  Zergling x8  
  32  5:52  Zergling x4  
  32  5:53  Zergling x4  
  32  5:56  Zergling x2  
  37  6:03  Zergling x2  
  38  6:10  Zergling x4  
  39  6:28  Zergling x4  
  39  6:29  Zergling x6  
  44  6:34  Lair  
  44  6:41  Baneling  
  44  6:42  Baneling x4  
  41  7:04  Zergling x6  
  41  7:05  Zergling x6  
  41  7:07  Zergling x2  
  44  7:29  Drone  
  38  7:32  Extractor, Drone x3  
  40  7:40  Roach Warren  
  40  7:43  Drone  
  40  7:55  Roach Warren  
  34  8:18  Queen  
  36  8:22  Drone x2  
  36  8:23  Drone  
  36  8:24  Drone  
  40  8:29  Drone  
  41  8:46  Spire  
  40  8:50  Drone  
  40  8:52  Drone  
  42  8:56  Drone  
  43  9:04  Drone x2  
  43  9:07  Drone  
  43  9:08  Drone  
  41  9:26  Drone x2  
  41  9:27  Drone x2  
  45  9:43  Roach x3  
  51  9:54  Overlord x5  
  51  10:14  Mutalisk  
  51  10:15  Mutalisk x2  
  51  10:16  Mutalisk  
  59  10:28  Tunneling Claws, Glial Reconstitution  
  59  10:30  Burrow  
  59  10:36  Roach x2  
  59  10:37  Roach x2  
  67  10:46  Roach x3  
  73  10:58  Roach x2  
  73  10:59  Roach x2  
  81  11:10  Overlord x3  
  85  11:18  Roach x2  
  85  11:19  Roach  
  87  11:40  Roach  
  87  11:41  Roach x6  
  95  12:10  Roach  
  95  12:11  Roach x5  
  107  12:27  Roach x4  
  115  12:43  Roach x24  
  115  12:44  Overlord x4  
  115  12:45  Overlord x2  
  115  12:47  Roach x19  
  115  12:48  Roach x5  
  115  12:53  Roach x17  
  89  13:20  Roach x4  
  89  13:21  Roach x3  
  89  13:22  Roach x3  
  73  13:35  Roach  
  73  13:36  Roach x2  
  73  13:39  Roach x13  
  65  13:45  Roach  
  67  13:48  Roach x14  
  69  14:03  Roach x6  
  69  14:04  Roach  
  61  14:17  Roach x2  
  61  14:18  Roach  
  67  14:30  Roach x12  
  67  14:32  Roach  
  67  14:33  Roach  
  65  14:58  Roach x2  
  65  15:16  Zergling x18  
  74  15:36  Zergling x6  
  77  15:45  Hatchery  
  76  15:51  Roach x13  
Show
View Real Time Build Order
Export as new Build Order

capac Terran - Winner!

Build Orders: MMM Bio 

Get SALT Encoding   

  12  0:00  SCV  
  13  0:13  SCV  
  14  0:19  Supply Depot  
  14  0:25  SCV  
  15  0:40  SCV  
  15  0:42  Barracks  
  16  0:52  Refinery, SCV  
  17  1:06  SCV  
  19  1:20  SCV  
  19  1:30  Supply Depot  
  19  1:32  Orbital Command  
  19  1:33  Marine  
  20  1:52  Command Center  
  20  1:53  Marine  
  21  2:00  SCV  
  22  2:10  Factory  
  22  2:13  SCV  
  22  2:14  Marine  
  24  2:25  SCV  
  25  2:35  Barracks  
  25  2:36  Marine  
  26  2:38  SCV  
  27  2:51  Refinery  
  27  2:54  Marine  
  27  2:55  Factory Tech Lab  
  27  2:56  Barracks  
  28  3:05  SCV  
  29  3:12  Marine  
  30  3:19  SCV  
  31  3:20  Bunker  
  31  3:22  Siege Tank  
  31  3:26  Barracks Tech Lab  
  34  3:34  SCV  
  34  3:44  Marine  
  34  3:47  Marine, Stimpack  
  36  3:50  Starport, Marine  
  37  4:02  Marine  
  34  4:14  Supply Depot  
  34  4:22  Bunker  
  34  4:30  Medivac  
  36  4:31  Marine x2  
  36  4:36  Marine  
  39  4:49  Marine x2  
  38  4:57  Marine  
  39  5:07  Marine  
  39  5:10  SCV  
  39  5:11  Marine  
  42  5:15  Marine  
  43  5:22  SCV  
  45  5:32  Supply Depot  
  37  5:52  Supply Depot  
  37  5:54  SCV  
  38  5:58  Barracks  
  38  6:13  Marine x2  
  40  6:31  Marine x2  
  42  6:33  Siege Tank  
  45  6:40  Supply Depot  
  45  6:42  Supply Depot  
  45  6:49  Marine  
  46  6:55  Supply Depot  
  46  7:01  Marine  
  45  7:10  Marine  
  46  7:19  Marine  
  46  7:21  Siege Tank  
  50  7:28  Marine  
  51  7:32  Medivac  
  51  7:33  Supply Depot  
  53  7:37  Marine  
  53  7:39  Command Center  
  54  7:45  Marine  
  49  8:18  Marine x2  
  50  8:21  Liberator  
  53  8:27  Siege Tank  
  53  8:31  Marine  
  54  8:36  Marine x2  
  59  8:45  Orbital Command  
  59  8:49  Marine  
  60  8:57  Bunker  
  60  8:59  Bunker  
  58  9:07  Marine x3  
  61  9:24  Marine  
  61  9:25  Marine  
  61  9:29  SCV x2  
  65  9:37  SCV  
  66  9:40  Siege Tank  
  66  9:41  SCV  
  66  9:43  Starport Reactor  
  70  9:48  Barracks Reactor  
  70  9:49  Marine  
  70  9:50  Combat Shields  
  71  10:06  Marine  
  72  10:16  SCV x2  
  72  10:18  Bunker, SCV  
  72  10:19  Bunker  
  75  10:24  Refinery  
  76  10:28  SCV x2  
  77  10:40  SCV x2  
  77  10:41  Refinery, Marine x3, Liberator  
  83  10:44  Barracks Reactor  
  82  10:50  Supply Depot  
  82  10:54  Liberator  
  82  10:56  Siege Tank  
  85  10:59  Marine x3  
  91  11:06  Supply Depot  
  92  11:25  Barracks  
  92  11:33  Marine x3  
  95  11:43  Engineering Bay  
  95  11:44  Engineering Bay  
  95  11:50  Marine x3  
  95  11:52  Siege Tank  
  101  12:06  Supply Depot  
  101  12:07  Supply Depot  
  101  12:16  Terran Infantry Weapons Level 1, Terran Infantry Armor Level 1  
  101  12:19  Missile Turret  
  101  12:24  Missile Turret  
  101  12:27  Missile Turret x2  
  92  13:13  Siege Tank  
  82  13:39  Marine x3  
  82  13:40  Marine x2  
  87  13:45  Siege Tank  
  90  13:49  Bunker  
  90  13:57  Marine x3  
  90  13:58  Marine x2  
  89  14:17  Siege Tank  
  89  14:22  Medivac x2  
  89  14:23  Marine x3  
  89  14:24  Marine x2  
  101  14:41  Marine x4  
  101  14:42  Marine  
  106  14:49  Siege Tank  
  105  14:59  Marine  
  103  15:06  Marine  
  103  15:07  Marine x3  
  104  15:12  SCV  
  108  15:21  Siege Tank  
  108  15:22  Armory  
  111  15:32  Bunker  
  111  15:37  Planetary Fortress  
  111  15:39  Bunker  
  111  15:44  Marine x5  
  111  15:45  Medivac x2  
  120  16:02  Supply Depot  
  123  16:09  Starport  
Tags
 
Add a new tag
Caveats
  • Supply blocks, unpowered buildings, or Contaminate may cause inaccurate times.
  • Supply counts are checked every 10 seconds.